ANAHEIM Ducks vs CALGARY Flames (R3)

Created - 9 avril 2024 at 17:30

Goals
1 2 3 T
ANAHEIM Ducks 1 0 1 2
CALGARY Flames 0 2 2 4
Shots
1 2 3 T
ANAHEIM Ducks 11 7 12 30
CALGARY Flames 8 11 21 40

1st period

1. ANAHEIM Ducks , Mark Giordano 11 (Brayden Point 44, Nathan MacKinnon 42) at 4:50 (PP)

Penalties :
Josh Brown (CGY) for Tripping (Minor) at 1:48, Cole Perfetti (CGY) for Goalie Interference (Minor) at 4:06, Lawson Crouse (CGY) for Hooking (Minor) at 7:11, Warren Foegele (ANA) for Slashing (Minor) at 9:34, Brett Pesce (ANA) for Tripping (Minor) at 10:39, Johnathan Kovacevic (CGY) for High sticking (Minor) at 12:39

2nd period

2. CALGARY Flames , Quinn Hughes 19 (Charlie McAvoy 49, Michael Rasmussen 23) at 15:56 (PP)
3. CALGARY Flames , Quinn Hughes 20 (Charlie Coyle 36, Charlie McAvoy 50) at 16:36 (PP)

Penalties :
Mark Giordano (ANA) for Roughing (Minor) at 0:11, Nick Paul (ANA) for High sticking (Minor) at 5:30, Charlie McAvoy (CGY) for Goalie Interference (Minor) at 9:21, Nick Paul (ANA) for Slashing (Minor) at 14:20, MacKenzie Weegar (ANA) for Slashing (Minor) at 15:02

3rd period

4. ANAHEIM Ducks , Brayden Point 27 (Mark Giordano 44, Nathan MacKinnon 43) at 5:48 (PP)
5. CALGARY Flames , Charlie McAvoy 17 (Darnell Nurse 46, Michael Rasmussen 24) at 17:29 (SH)
6. CALGARY Flames , Darnell Nurse 21 (Charlie Coyle 37, Charlie McAvoy 51) at 19:53 (Empty Net)

Penalties :
Jeff Carter (ANA) for Interference (Minor) at 1:37, MacKenzie Weegar (ANA) for Goalie Interference (Minor) at 2:52, Darnell Nurse (CGY) for Tripping (Minor) at 5:08, Johnathan Kovacevic (CGY) for Slashing (Minor) at 9:12, Elias Lindholm (ANA) for Cross-checking (Minor) at 9:12, Derick Brassard (ANA) for Holding (Minor) at 11:18, Cole Perfetti (CGY) for Tripping (Minor) at 16:30

Goalie Stats

Philipp Grubauer (ANA), 36 saves from 39 shots - (0,923), L, 40-28-1, 58:47 minutes
Stuart Skinner (CGY), 28 saves from 30 shots - (0,933), W, 31-22-9, 60:00 minutes

Players Stats for ANAHEIM Ducks

Player Name              G  A  P  +/- PIM S  H  SB GA TA FO     MP     PP MP  PK MP  
------------------------------------------------------------------------------------
Artturi Lehkonen         0  0  0   0  0   0  6  0  0  0  0/2    16:26   5:42   0:19 
Brayden Point            1  1  2  -2  0   5  3  0  0  0  8/17   16:30   5:37   0:00 
Brett Pesce              0  0  0   0  2   3  3  4  0  0  0/0    24:39   5:08   7:11 
Chandler Stephenson      0  0  0   0  0   2  0  0  0  0  4/9    25:28   5:42   9:53 
David Kampf              0  0  0   0  0   1  1  0  0  0  5/9     6:26   0:00   3:50 
Derick Brassard          0  0  0   0  2   0  0  0  0  0  0/0     2:35   0:00   0:00 
Elias Lindholm           0  0  0  -1  2   5  1  0  0  0  16/44  24:44   5:42   8:47 
Jeff Carter              0  0  0   0  2   2  0  0  0  0  6/11    9:20   0:00   0:00 
Joel Farabee             0  0  0   0  0   0  0  0  0  0  0/0     8:49   0:00   0:00 
Justin Holl              0  0  0   0  0   1  2  0  0  0  0/0    16:22   0:00   7:48 
MacKenzie Weegar         0  0  0  -2  4   2  1  1  0  0  0/0    24:17   6:11   4:50 
Mark Giordano            1  1  2  -2  2   3  3  0  0  0  0/0    21:01   6:11   1:35 
Nathan MacKinnon         0  2  2  -2  0   0  2  0  0  0  4/4    17:57   5:37   0:00 
Nick Paul                0  0  0   0  4   2  1  0  0  0  0/0    11:00   0:00   2:13 
Ryan Lindgren            0  0  0   0  0   0  1  2  0  0  0/0    16:09   0:00   7:35 
Ryan Pulock              0  0  0   0  0   0  0  0  0  0  0/0    17:28   5:08   0:00 
Viktor Arvidsson         0  0  0  -1  0   3  1  0  0  0  1/3    19:02   5:37   1:28 
Warren Foegele           0  0  0   0  2   1  2  0  0  0  0/0     2:35   0:00   0:00 

Players Stats for CALGARY Flames

Player Name              G  A  P  +/- PIM S  H  SB GA TA FO     MP     PP MP  PK MP  
------------------------------------------------------------------------------------
A.J. Greer               0  0  0   0  0   0  0  0  0  0  0/0     5:38   0:00   0:16 
Alex Newhook             0  0  0   0  0   3  1  0  0  0  2/4    15:43   5:50   0:00 
Alexei Toropchenko       0  0  0   0  0   0  0  0  0  0  0/0     5:22   0:00   0:00 
Boone Jenner             0  0  0   0  0   2  0  0  0  0  18/29  20:01   8:16   0:59 
Charlie Coyle            0  2  2   1  0   2  4  1  0  0  12/26  24:41   8:16   5:28 
Charlie McAvoy           1  3  4   2  2   3  5  1  0  0  0/0    28:02   8:55   5:01 
Cole Perfetti            0  0  0   0  4   0  2  0  0  0  0/0     9:51   0:25   0:00 
Daniel Sprong            0  0  0   0  0   2  2  0  0  0  2/2    16:49   6:15   0:00 
Darnell Nurse            1  1  2   2  2   4  4  1  0  0  0/0    23:02   5:36   5:26 
Jamie Oleksiak           0  0  0   0  0   3  3  0  0  0  0/0    23:01   5:36   5:47 
Johnathan Kovacevic      0  0  0   0  4   0  3  0  0  0  0/0     9:34   0:00   1:11 
Josh Brown               0  0  0   0  2   0  2  1  0  0  0/0     8:24   0:00   0:00 
Keegan Kolesar           0  0  0   1  0   2  2  0  0  0  0/0    12:56   0:00   5:51 
Lawson Crouse            0  0  0   1  2   1  1  0  0  0  0/0    23:37   8:16   4:13 
Michael Rasmussen        0  2  2   2  0   1  0  0  0  0  20/34  19:34   6:15   5:51 
Philipp Kurashev         0  0  0   0  0   1  0  0  0  0  1/1     7:05   0:00   0:00 
Quinn Hughes             2  0  2   0  0   13 1  1  0  0  0/0    27:52   8:55   5:13 
Ty Dellandrea            0  0  0   0  0   3  0  0  0  0  0/3     5:22   0:00   0:00 

3 Stars

1 - Charlie McAvoy (CGY)
2 - Quinn Hughes (CGY)
3 - Darnell Nurse (CGY)

Power Play

ANAHEIM Ducks - 2 on 7 Attempt(s) - 28,57%
CALGARY Flames - 2 on 9 Attempt(s) - 22,22%

Penalty Kill

ANAHEIM Ducks - 7 on 9 Attempt(s) - 77,78% - Score 0 goal in Penalty Kill
CALGARY Flames - 5 on 7 Attempt(s) - 71,43% - Score 1 goal in Penalty Kill

Team Stat

ANAHEIM Ducks - Hits : 27 - Faceoff Wins : 44 - Blocked Shots : 7 - Penalty Minutes : 20
CALGARY Flames - Hits : 30 - Faceoff Wins : 55 - Blocked Shots : 5 - Penalty Minutes : 16

Official

Referees : Cianna Lieffers and Wes McCauley
Linesman : Justine Todd and C.J. Murray

Game Notes

Darnell Nurse has scored in a empty net!

Finance

Level 1 -- Attendance: 4589 (76,48%) -- Ticket Income $458,900
Level 2 -- Attendance: 3862 (77,24%) -- Ticket Income $231,720
Level 3 -- Attendance: 2000 (100,00%) -- Ticket Income $70,000
Level 4 -- Attendance: 3770 (94,25%) -- Ticket Income $75,400
Luxury Box -- Attendance: 868 (86,80%) -- Ticket Income $173,600
Game was played at the Scotiabank Saddledome.
Total Attendance: 15089 (83,83%)
Total Ticket Income: $1,009,620
Other Income: $252,405
Total Income: $1,262,025

ANAHEIM Ducks

5 vs 5 Forward 
   Center                   Left Wing                Right Wing               Time % Phy DF OF 
 1 Brayden Point            Viktor Arvidsson         Nathan MacKinnon         35     0   2  3  
 2 Elias Lindholm           Chandler Stephenson      Artturi Lehkonen         35     0   2  3  
 3 Jeff Carter              Nick Paul                Joel Farabee             20     1   2  2  
 4 David Kampf              Derick Brassard          Warren Foegele           10     1   3  1  

5 vs 5 Defense 
   Defense                  Defense                                           Time % Phy DF OF 
 1 Mark Giordano            MacKenzie Weegar                                  40     1   2  2  
 2 Ryan Pulock              Brett Pesce                                       35     1   2  2  
 3 Justin Holl              Ryan Lindgren                                     20     2   2  1  
 4 Mark Giordano            MacKenzie Weegar                                  5      2   2  1  

PowerPlay Forward 
   Center                   Left Wing                Right Wing               Time % Phy DF OF 
 1 Brayden Point            Viktor Arvidsson         Nathan MacKinnon         60     0   1  4  
 2 Elias Lindholm           Chandler Stephenson      Artturi Lehkonen         40     0   1  4  

PowerPlay Defense
   Defense                  Defense                                           Time % Phy DF OF 
 1 Mark Giordano            MacKenzie Weegar                                  60     0   1  4  
 2 Ryan Pulock              Brett Pesce                                       40     0   1  4  

Penalty Kill 4 Players Forward 
   Center                   Wing                     Time % Phy DF OF 
 1 Elias Lindholm           Chandler Stephenson      60     1   3  1  
 2 David Kampf              Nick Paul                40     1   3  1  

Penalty Kill 4 Players Defense
   Defense                  Defense                  Time % Phy DF OF 
 1 Brett Pesce              Ryan Lindgren            60     1   3  1  
 2 Justin Holl              MacKenzie Weegar         40     1   3  1  

Penalty Kill - 3 Players Forward 
   Forward                                           Time % Phy DF OF 
 1 Chandler Stephenson                               60     1   4  0  
 2 David Kampf                                       40     1   4  0  

Penalty Kill - 3 Players Defense
   Defense                  Defense                  Time % Phy DF OF 
 1 Brett Pesce              Ryan Lindgren            60     1   4  0  
 2 Justin Holl              MacKenzie Weegar         40     1   4  0  

4 vs 4 Forward 
   Center                   Wing                     Time % Phy DF OF 
 1 Elias Lindholm           Nathan MacKinnon         60     1   2  2  
 2 Chandler Stephenson      Brayden Point            40     1   2  2  

4 vs 4 Defense
   Defense                  Defense                  Time % Phy DF OF 
 1 Mark Giordano            MacKenzie Weegar         60     1   2  2  
 2 Ryan Pulock              Brett Pesce              40     1   2  2  

Last Minutes Offensive
   Center                   Left Wing                Right Wing               Defense                  Defense                  
   Elias Lindholm           Nathan MacKinnon         Brayden Point            Mark Giordano            MacKenzie Weegar         

Last Minutes Defensive
   Center                   Left Wing                Right Wing               Defense                  Defense                  
   Elias Lindholm           Chandler Stephenson      Artturi Lehkonen         Brett Pesce              Ryan Lindgren            

Goaltenders
Starting : Philipp Grubauer         
Backup : Brian Elliott            

Extra Forwards
Normal : Viktor Arvidsson, Artturi Lehkonen, Jeff Carter - PP : Viktor Arvidsson, Artturi Lehkonen - PK : Viktor Arvidsson
Extra Defensemen
Normal : Brett Pesce, Justin Holl, Ryan Lindgren - PP : Brett Pesce - PK : Brett Pesce, Justin Holl
Penalty Shots
Nathan MacKinnon, Elias Lindholm, Brayden Point, Chandler Stephenson, Viktor Arvidsson

Scratches
Nic Dowd (Healthy), Patrick Maroon (Healthy)

CALGARY Flames

5 vs 5 Forward 
   Center                   Left Wing                Right Wing               Time % Phy DF OF 
 1 Boone Jenner             Alex Newhook             Lawson Crouse            30     2   1  2  
 2 Charlie Coyle            Cole Perfetti            Daniel Sprong            30     1   1  3  
 3 Michael Rasmussen        Philipp Kurashev         Keegan Kolesar           25     2   1  2  
 4 Ty Dellandrea            Alexei Toropchenko       A.J. Greer               15     2   1  2  

5 vs 5 Defense 
   Defense                  Defense                                           Time % Phy DF OF 
 1 Quinn Hughes             Charlie McAvoy                                    40     1   2  2  
 2 Darnell Nurse            Jamie Oleksiak                                    30     2   2  1  
 3 Johnathan Kovacevic      Josh Brown                                        25     3   2  0  
 4 Darnell Nurse            Jamie Oleksiak                                    5      2   2  1  

PowerPlay Forward 
   Center                   Left Wing                Right Wing               Time % Phy DF OF 
 1 Boone Jenner             Lawson Crouse            Charlie Coyle            55     1   0  4  
 2 Michael Rasmussen        Alex Newhook             Daniel Sprong            45     1   0  4  

PowerPlay Defense
   Defense                  Defense                                           Time % Phy DF OF 
 1 Quinn Hughes             Charlie McAvoy                                    60     1   2  2  
 2 Darnell Nurse            Jamie Oleksiak                                    40     1   2  2  

Penalty Kill 4 Players Forward 
   Center                   Wing                     Time % Phy DF OF 
 1 Charlie Coyle            Lawson Crouse            50     1   3  1  
 2 Michael Rasmussen        Keegan Kolesar           50     2   3  0  

Penalty Kill 4 Players Defense
   Defense                  Defense                  Time % Phy DF OF 
 1 Darnell Nurse            Charlie McAvoy           60     1   2  2  
 2 Quinn Hughes             Jamie Oleksiak           40     1   2  2  

Penalty Kill - 3 Players Forward 
   Forward                                           Time % Phy DF OF 
 1 Charlie Coyle                                     50     1   4  0  
 2 Michael Rasmussen                                 50     1   4  0  

Penalty Kill - 3 Players Defense
   Defense                  Defense                  Time % Phy DF OF 
 1 Darnell Nurse            Charlie McAvoy           60     1   2  2  
 2 Quinn Hughes             Jamie Oleksiak           40     1   2  2  

4 vs 4 Forward 
   Center                   Wing                     Time % Phy DF OF 
 1 Boone Jenner             Lawson Crouse            50     2   1  2  
 2 Charlie Coyle            Daniel Sprong            50     1   1  3  

4 vs 4 Defense
   Defense                  Defense                  Time % Phy DF OF 
 1 Quinn Hughes             Charlie McAvoy           55     1   2  2  
 2 Darnell Nurse            Jamie Oleksiak           45     1   2  2  

Last Minutes Offensive
   Center                   Left Wing                Right Wing               Defense                  Defense                  
   Boone Jenner             Lawson Crouse            Charlie Coyle            Quinn Hughes             Charlie McAvoy           

Last Minutes Defensive
   Center                   Left Wing                Right Wing               Defense                  Defense                  
   Charlie Coyle            Michael Rasmussen        Lawson Crouse            Darnell Nurse            Charlie McAvoy           

Goaltenders
Starting : Stuart Skinner           
Backup : Jacob Markstrom          

Extra Forwards
Normal : Charlie Coyle, Boone Jenner, Michael Rasmussen - PP : Cole Perfetti, Michael Rasmussen - PK : Boone Jenner
Extra Defensemen
Normal : Jamie Oleksiak, Johnathan Kovacevic, Josh Brown - PP : Jamie Oleksiak - PK : Jamie Oleksiak, Johnathan Kovacevic
Penalty Shots
Alex Newhook, Boone Jenner, Quinn Hughes, Charlie McAvoy, Daniel Sprong

Scratches
Jacob Bryson (Healthy), Jake Muzzin (Healthy)

% Time on Ice - ANAHEIM Ducks

Lines # - Real PCT - Wanted PCT - Time Play
Normal Forward
1 - 33% - 35% - 10:30
2 - 31% - 35% - 9:53
3 - 28% - 20% - 8:49
4 - 8% - 10% - 2:36
Normal Defense
1 - 37% - 40% - 11:52
2 - 36% - 35% - 11:22
3 - 27% - 20% - 8:34
4 - 0% - 5% - 0:00
PP Forward
1 - 50% - 60% - 5:37
2 - 50% - 40% - 5:42
PP Defense
1 - 55% - 60% - 6:11
2 - 45% - 40% - 5:08
PK Forward
1 - 73% - 60% - 8:47
2 - 27% - 40% - 3:12
PK Defense
1 - 56% - 60% - 6:41
2 - 44% - 40% - 5:18
PK3 Forward
1 - 75% - 60% - 1:54
2 - 25% - 40% - 0:38
PK3 Defense
1 - 49% - 60% - 1:14
2 - 51% - 40% - 1:18
44 Forward
1 - 100% - 60% - 1:59
2 - 0% - 40% - 0:00
44 Defense
1 - 51% - 60% - 1:01
2 - 49% - 40% - 0:58
Last Minute Offensive  - 0:23
Last Minute Defensive  - 0:00
Total
Forward - 60:00
Defense - 60:00

% Time on Ice - CALGARY Flames

Lines # - Real PCT - Wanted PCT - Time Play
Normal Forward
1 - 31% - 30% - 9:53
2 - 30% - 30% - 9:28
3 - 22% - 25% - 7:05
4 - 17% - 15% - 5:22
Normal Defense
1 - 40% - 40% - 12:51
2 - 33% - 30% - 10:32
3 - 26% - 25% - 8:25
4 - 0% - 5% - 0:00
PP Forward
1 - 57% - 55% - 8:16
2 - 43% - 45% - 6:15
PP Defense
1 - 61% - 60% - 8:55
2 - 39% - 40% - 5:36
PK Forward
1 - 48% - 50% - 5:28
2 - 52% - 50% - 5:51
PK Defense
1 - 54% - 60% - 6:06
2 - 46% - 40% - 5:13
PK3 Forward
1 - 0% - 50%
2 - 0% - 50%
PK3 Defense
1 - 0% - 60%
2 - 0% - 40%
44 Forward
1 - 45% - 50% - 0:53
2 - 55% - 50% - 1:06
44 Defense
1 - 45% - 55% - 0:53
2 - 55% - 45% - 1:06
Last Minute Offensive  - 0:00
Last Minute Defensive  - 0:23
Total
Forward - 60:00
Defense - 60:00

Play-by-Play

1st period


0:01 of 1st period - Brayden Point wins face-off versus Boone Jenner in neutral zone.
0:28 of 1st period - Charlie McAvoy is hit by Nathan MacKinnon and loses puck.
0:42 of 1st period - Quinn Hughes is hit by Mark Giordano and loses puck.
1:02 of 1st period - Icing by Ryan Pulock.
1:03 of 1st period - Charlie Coyle wins face-off versus Elias Lindholm in ANAHEIM Ducks zone.
1:12 of 1st period - Shot by Cole Perfetti.
1:12 of 1st period - Shot Misses the Net.
1:33 of 1st period - Off-side.
1:34 of 1st period - Michael Rasmussen wins face-off versus Jeff Carter in neutral zone.
1:46 of 1st period - Nick Paul is hit by Johnathan Kovacevic and loses puck.
1:48 of 1st period - Minor Penalty to Josh Brown for Tripping.
1:49 of 1st period - Nathan MacKinnon wins face-off versus Charlie Coyle in CALGARY Flames zone.
3:41 of 1st period - Icing by Brayden Point.
3:42 of 1st period - Michael Rasmussen wins face-off versus Brayden Point in ANAHEIM Ducks zone.
3:57 of 1st period - Shot by A.J. Greer.
3:57 of 1st period - Shot Misses the Net.
3:59 of 1st period - Shot by Ty Dellandrea.
3:59 of 1st period - Stopped by Philipp Grubauer without a rebound.
4:00 of 1st period - David Kampf wins face-off versus Charlie Coyle in ANAHEIM Ducks zone.
4:04 of 1st period - Warren Foegele is hit by Daniel Sprong and loses puck.
4:06 of 1st period - Minor Penalty to Cole Perfetti for Goalie Interference.
4:07 of 1st period - Brayden Point wins face-off versus Charlie Coyle in CALGARY Flames zone.
4:50 of 1st period - Shot by Mark Giordano.
4:50 of 1st period - Goal by Mark Giordano - ANAHEIM Ducks : 1 - CALGARY Flames : 0.
4:51 of 1st period - Elias Lindholm wins face-off versus Charlie Coyle in neutral zone.
5:06 of 1st period - Shot by Chandler Stephenson.
5:06 of 1st period - Stopped by Stuart Skinner with a rebound.
5:40 of 1st period - Icing by Ryan Pulock.
5:41 of 1st period - Elias Lindholm wins face-off versus Michael Rasmussen in ANAHEIM Ducks zone.
6:09 of 1st period - Shot by Brayden Point.
6:09 of 1st period - Shot Misses the Net.
6:35 of 1st period - Shot by Brayden Point.
6:35 of 1st period - Stopped by Stuart Skinner without a rebound.
6:36 of 1st period - Alex Newhook wins face-off versus Jeff Carter in CALGARY Flames zone.
6:36 of 1st period - Alex Newhook is hit by Nick Paul.
7:01 of 1st period - Justin Holl is hit by Jamie Oleksiak and loses puck.
7:11 of 1st period - Minor Penalty to Lawson Crouse for Hooking.
7:12 of 1st period - Charlie Coyle wins face-off versus Chandler Stephenson in CALGARY Flames zone.
7:12 of 1st period - Charlie Coyle is hit by Artturi Lehkonen.
7:39 of 1st period - Shot by Brett Pesce.
7:39 of 1st period - Stopped by Stuart Skinner without a rebound.
7:40 of 1st period - Brayden Point wins face-off versus Charlie Coyle in CALGARY Flames zone.
8:05 of 1st period - Shot by Brayden Point.
8:05 of 1st period - Stopped by Stuart Skinner with a rebound.
8:07 of 1st period - Shot by MacKenzie Weegar.
8:07 of 1st period - Stopped by Stuart Skinner without a rebound.
8:08 of 1st period - Michael Rasmussen wins face-off versus Artturi Lehkonen in CALGARY Flames zone.
8:27 of 1st period - Shot by Elias Lindholm.
8:27 of 1st period - Stopped by Stuart Skinner without a rebound.
8:28 of 1st period - Michael Rasmussen wins face-off versus Brayden Point in CALGARY Flames zone.
8:58 of 1st period - Shot by Brayden Point.
8:58 of 1st period - Stopped by Stuart Skinner without a rebound.
8:59 of 1st period - Michael Rasmussen wins face-off versus Elias Lindholm in CALGARY Flames zone.
9:34 of 1st period - Minor Penalty to Warren Foegele for Slashing.
9:35 of 1st period - Boone Jenner wins face-off versus Elias Lindholm in ANAHEIM Ducks zone.
9:36 of 1st period - Shot by Quinn Hughes.
9:36 of 1st period - Stopped by Philipp Grubauer without a rebound.
9:37 of 1st period - Boone Jenner wins face-off versus Elias Lindholm in ANAHEIM Ducks zone.
9:37 of 1st period - Boone Jenner is hit by Ryan Lindgren.
9:55 of 1st period - Shot by Quinn Hughes.
9:55 of 1st period - Stopped by Philipp Grubauer without a rebound.
9:56 of 1st period - Elias Lindholm wins face-off versus Michael Rasmussen in ANAHEIM Ducks zone.
10:17 of 1st period - Shot by Jamie Oleksiak.
10:17 of 1st period - Shot Misses the Net.
10:19 of 1st period - Shot by Jamie Oleksiak.
10:19 of 1st period - Stopped by Philipp Grubauer without a rebound.
10:20 of 1st period - Boone Jenner wins face-off versus Elias Lindholm in ANAHEIM Ducks zone.
10:25 of 1st period - Shot by Quinn Hughes.
10:25 of 1st period - Stopped by Philipp Grubauer with a rebound.
10:27 of 1st period - Shot by Lawson Crouse.
10:27 of 1st period - Deflect By Boone Jenner.
10:27 of 1st period - Stopped by Philipp Grubauer with a rebound.
10:39 of 1st period - Minor Penalty to Brett Pesce for Tripping.
10:40 of 1st period - Chandler Stephenson wins face-off versus Michael Rasmussen in ANAHEIM Ducks zone.
11:14 of 1st period - Shot by Jamie Oleksiak.
11:14 of 1st period - Stopped by Philipp Grubauer without a rebound.
11:15 of 1st period - Boone Jenner wins face-off versus Chandler Stephenson in ANAHEIM Ducks zone.
11:16 of 1st period - Shot by Charlie Coyle.
11:16 of 1st period - Shot Hit the Post.
11:29 of 1st period - Icing by Lawson Crouse.
11:30 of 1st period - Chandler Stephenson wins face-off versus Boone Jenner in CALGARY Flames zone.
11:30 of 1st period - Chandler Stephenson is hit by Charlie McAvoy.
11:44 of 1st period - Shot by Elias Lindholm.
11:44 of 1st period - Stopped by Stuart Skinner with a rebound.
11:58 of 1st period - Shot by Charlie McAvoy.
11:58 of 1st period - Shot Misses the Net.
12:00 of 1st period - Shot by Charlie McAvoy.
12:00 of 1st period - Shot Blocked by Ryan Lindgren.
12:02 of 1st period - Shot by Lawson Crouse.
12:02 of 1st period - Shot Misses the Net.
12:04 of 1st period - Shot by Charlie Coyle.
12:04 of 1st period - Stopped by Philipp Grubauer with a rebound.
12:39 of 1st period - Minor Penalty to Johnathan Kovacevic for High sticking.
12:40 of 1st period - Michael Rasmussen wins face-off versus Viktor Arvidsson in CALGARY Flames zone.
13:16 of 1st period - Shot by Nathan MacKinnon.
13:16 of 1st period - Shot Misses the Net.
13:18 of 1st period - Shot by Viktor Arvidsson.
13:18 of 1st period - Stopped by Stuart Skinner without a rebound.
13:19 of 1st period - Michael Rasmussen wins face-off versus Elias Lindholm in CALGARY Flames zone.
14:34 of 1st period - Mark Giordano is hit by Jamie Oleksiak.
14:56 of 1st period - Johnathan Kovacevic is hit by Viktor Arvidsson and loses puck.
15:05 of 1st period - Alexei Toropchenko is hit by Nathan MacKinnon.
15:48 of 1st period - Nick Paul is hit by Darnell Nurse and loses puck.
16:11 of 1st period - Boone Jenner is hit by Justin Holl and loses puck.
16:17 of 1st period - Icing by Ryan Lindgren.
16:18 of 1st period - Jeff Carter wins face-off versus Charlie Coyle in ANAHEIM Ducks zone.
16:28 of 1st period - Shot by Nick Paul.
16:28 of 1st period - Shot Misses the Net.
16:48 of 1st period - Shot by Warren Foegele.
16:48 of 1st period - Stopped by Stuart Skinner without a rebound.
16:49 of 1st period - Michael Rasmussen wins face-off versus Brayden Point in CALGARY Flames zone.
17:00 of 1st period - Shot by Philipp Kurashev.
17:00 of 1st period - Shot Blocked by Brett Pesce.
17:49 of 1st period - Off-side.
17:50 of 1st period - Charlie Coyle wins face-off versus Elias Lindholm in neutral zone.
18:06 of 1st period - Chandler Stephenson is hit by Charlie McAvoy and loses puck.
18:14 of 1st period - Elias Lindholm is hit by Charlie McAvoy and loses puck.
18:24 of 1st period - Charlie McAvoy is hit by Artturi Lehkonen and loses puck.
18:33 of 1st period - Daniel Sprong is hit by Artturi Lehkonen and loses puck.
18:54 of 1st period - Justin Holl is hit by Charlie Coyle.
19:01 of 1st period - Nick Paul is hit by Quinn Hughes and loses puck.
19:22 of 1st period - Shot by Joel Farabee.
19:22 of 1st period - Shot Misses the Net.
19:24 of 1st period - Shot by Jeff Carter.
19:24 of 1st period - Shot Misses the Net.
19:54 of 1st period - Charlie Coyle is hit by Warren Foegele and loses puck.
Goals for this period are 1 for ANAHEIM Ducks vs 0 for CALGARY Flames.
Shots for this period are 11 for ANAHEIM Ducks vs 8 for CALGARY Flames.

2nd period


0:01 of 2nd period - Boone Jenner wins face-off versus Elias Lindholm in neutral zone.
0:03 of 2nd period - Alex Newhook is hit by Mark Giordano and loses puck.
0:11 of 2nd period - Minor Penalty to Mark Giordano for Roughing.
0:12 of 2nd period - Boone Jenner wins face-off versus Elias Lindholm in ANAHEIM Ducks zone.
0:49 of 2nd period - Shot by Charlie McAvoy.
0:49 of 2nd period - Stopped by Philipp Grubauer without a rebound.
0:50 of 2nd period - Michael Rasmussen wins face-off versus Elias Lindholm in ANAHEIM Ducks zone.
2:01 of 2nd period - Ryan Lindgren is hit by Charlie Coyle and loses puck.
2:31 of 2nd period - Shot by Nathan MacKinnon.
2:31 of 2nd period - Shot Blocked by Josh Brown.
2:33 of 2nd period - Shot by Brayden Point.
2:33 of 2nd period - Deflect By Viktor Arvidsson.
2:33 of 2nd period - Shot Misses the Net.
2:44 of 2nd period - Johnathan Kovacevic is hit by Brayden Point.
3:18 of 2nd period - Icing by Charlie McAvoy.
3:19 of 2nd period - Michael Rasmussen wins face-off versus David Kampf in CALGARY Flames zone.
3:23 of 2nd period - Quinn Hughes is hit by David Kampf and loses puck.
4:29 of 2nd period - Icing by Artturi Lehkonen.
4:30 of 2nd period - Boone Jenner wins face-off versus Elias Lindholm in ANAHEIM Ducks zone.
5:27 of 2nd period - Shot by Viktor Arvidsson.
5:27 of 2nd period - Stopped by Stuart Skinner without a rebound.
5:28 of 2nd period - Charlie Coyle wins face-off versus Jeff Carter in CALGARY Flames zone.
5:30 of 2nd period - Minor Penalty to Nick Paul for High sticking.
5:31 of 2nd period - Elias Lindholm wins face-off versus Alex Newhook in ANAHEIM Ducks zone.
5:31 of 2nd period - Elias Lindholm is hit by Alex Newhook.
6:54 of 2nd period - Quinn Hughes is hit by Artturi Lehkonen and loses puck.
7:07 of 2nd period - Shot by Quinn Hughes.
7:07 of 2nd period - Stopped by Philipp Grubauer without a rebound.
7:08 of 2nd period - Boone Jenner wins face-off versus Elias Lindholm in ANAHEIM Ducks zone.
7:34 of 2nd period - Icing by Josh Brown.
7:35 of 2nd period - Brayden Point wins face-off versus Ty Dellandrea in CALGARY Flames zone.
7:35 of 2nd period - Nathan MacKinnon is hit by Josh Brown and loses puck.
7:57 of 2nd period - Mark Giordano is hit by Josh Brown and loses puck.
8:05 of 2nd period - Ty Dellandrea is hit by Mark Giordano and loses puck.
8:16 of 2nd period - Shot by Ty Dellandrea.
8:16 of 2nd period - Stopped by Philipp Grubauer without a rebound.
8:17 of 2nd period - Jeff Carter wins face-off versus Charlie Coyle in ANAHEIM Ducks zone.
8:17 of 2nd period - Jeff Carter is hit by Charlie Coyle.
8:46 of 2nd period - Icing by Daniel Sprong.
8:47 of 2nd period - Charlie Coyle wins face-off versus Elias Lindholm in CALGARY Flames zone.
8:56 of 2nd period - Artturi Lehkonen is hit by Darnell Nurse and loses puck.
9:21 of 2nd period - Minor Penalty to Charlie McAvoy for Goalie Interference.
9:22 of 2nd period - Michael Rasmussen wins face-off versus Brayden Point in CALGARY Flames zone.
9:30 of 2nd period - Mark Giordano is hit by Johnathan Kovacevic and loses puck.
9:39 of 2nd period - Shot by Mark Giordano.
9:39 of 2nd period - Stopped by Stuart Skinner without a rebound.
9:40 of 2nd period - Charlie Coyle wins face-off versus Brayden Point in CALGARY Flames zone.
9:40 of 2nd period - Charlie Coyle is hit by Brayden Point.
10:04 of 2nd period - Shot by Viktor Arvidsson.
10:04 of 2nd period - Stopped by Stuart Skinner without a rebound.
10:05 of 2nd period - Michael Rasmussen wins face-off versus Elias Lindholm in CALGARY Flames zone.
10:17 of 2nd period - Icing by Artturi Lehkonen.
10:18 of 2nd period - Chandler Stephenson wins face-off versus Michael Rasmussen in ANAHEIM Ducks zone.
10:47 of 2nd period - Shot by Elias Lindholm.
10:47 of 2nd period - Shot Misses the Net.
10:49 of 2nd period - Shot by Mark Giordano.
10:49 of 2nd period - Shot Blocked by Charlie Coyle.
10:51 of 2nd period - Shot by MacKenzie Weegar.
10:51 of 2nd period - Stopped by Stuart Skinner without a rebound.
10:52 of 2nd period - Brayden Point wins face-off versus Michael Rasmussen in CALGARY Flames zone.
11:43 of 2nd period - Shot by Nick Paul.
11:43 of 2nd period - Stopped by Stuart Skinner without a rebound.
11:44 of 2nd period - Daniel Sprong wins face-off versus Elias Lindholm in CALGARY Flames zone.
11:49 of 2nd period - MacKenzie Weegar is hit by Daniel Sprong and loses puck.
12:55 of 2nd period - Shot by Alex Newhook.
12:55 of 2nd period - Stopped by Philipp Grubauer without a rebound.
12:56 of 2nd period - Jeff Carter wins face-off versus Michael Rasmussen in ANAHEIM Ducks zone.
13:05 of 2nd period - Ryan Lindgren is hit by Johnathan Kovacevic and loses puck.
13:08 of 2nd period - Shot by Jeff Carter.
13:08 of 2nd period - Stopped by Stuart Skinner without a rebound.
13:09 of 2nd period - Boone Jenner wins face-off versus Brayden Point in CALGARY Flames zone.
13:28 of 2nd period - Shot by Alex Newhook.
13:28 of 2nd period - Shot Misses the Net.
13:30 of 2nd period - Shot by Darnell Nurse.
13:30 of 2nd period - Shot Blocked by Brett Pesce.
13:48 of 2nd period - Shot by Lawson Crouse.
13:48 of 2nd period - Stopped by Philipp Grubauer without a rebound.
13:49 of 2nd period - Elias Lindholm wins face-off versus Michael Rasmussen in ANAHEIM Ducks zone.
14:19 of 2nd period - Shot by Chandler Stephenson.
14:19 of 2nd period - Stopped by Stuart Skinner without a rebound.
14:20 of 2nd period - Charlie Coyle wins face-off versus Jeff Carter in CALGARY Flames zone.
14:20 of 2nd period - Minor Penalty to Nick Paul for Slashing.
14:21 of 2nd period - Boone Jenner wins face-off versus Elias Lindholm in ANAHEIM Ducks zone.
14:30 of 2nd period - Shot by Charlie Coyle.
14:30 of 2nd period - Stopped by Philipp Grubauer without a rebound.
14:31 of 2nd period - Elias Lindholm wins face-off versus Charlie Coyle in ANAHEIM Ducks zone.
15:02 of 2nd period - Minor Penalty to MacKenzie Weegar for Slashing.
15:03 of 2nd period - Michael Rasmussen wins face-off versus Chandler Stephenson in ANAHEIM Ducks zone.
15:08 of 2nd period - Shot by Daniel Sprong.
15:08 of 2nd period - Shot Blocked by Ryan Lindgren.
15:10 of 2nd period - Shot by Darnell Nurse.
15:10 of 2nd period - Shot Misses the Net.
15:12 of 2nd period - Shot by Jamie Oleksiak.
15:12 of 2nd period - Shot Blocked by Brett Pesce.
15:32 of 2nd period - Shot by Darnell Nurse.
15:32 of 2nd period - Stopped by Philipp Grubauer without a rebound.
15:33 of 2nd period - David Kampf wins face-off versus Boone Jenner in ANAHEIM Ducks zone.
15:48 of 2nd period - Shot by Quinn Hughes.
15:48 of 2nd period - Stopped by Philipp Grubauer without a rebound.
15:49 of 2nd period - Michael Rasmussen wins face-off versus Chandler Stephenson in ANAHEIM Ducks zone.
15:56 of 2nd period - Shot by Quinn Hughes.
15:56 of 2nd period - Goal by Quinn Hughes - ANAHEIM Ducks : 1 - CALGARY Flames : 1.
15:57 of 2nd period - Elias Lindholm wins face-off versus Boone Jenner in neutral zone.
16:30 of 2nd period - Shot by Charlie McAvoy.
16:30 of 2nd period - Shot Misses the Net.
16:32 of 2nd period - Shot by Charlie Coyle.
16:32 of 2nd period - Shot Misses the Net.
16:34 of 2nd period - Shot by Quinn Hughes.
16:34 of 2nd period - Shot Misses the Net.
16:36 of 2nd period - Shot by Quinn Hughes.
16:36 of 2nd period - Goal by Quinn Hughes - ANAHEIM Ducks : 1 - CALGARY Flames : 2.
16:37 of 2nd period - Michael Rasmussen wins face-off versus Brayden Point in neutral zone.
17:21 of 2nd period - Brayden Point is hit by Jamie Oleksiak and loses puck.
17:38 of 2nd period - Shot by Ty Dellandrea.
17:38 of 2nd period - Stopped by Philipp Grubauer without a rebound.
17:39 of 2nd period - Boone Jenner wins face-off versus Elias Lindholm in ANAHEIM Ducks zone.
17:39 of 2nd period - Alex Newhook is hit by Brett Pesce and loses puck.
18:30 of 2nd period - Chandler Stephenson is hit by Lawson Crouse and loses puck.
18:57 of 2nd period - Shot by Ryan Lindgren.
18:57 of 2nd period - Shot Misses the Net.
Goals for this period are 0 for ANAHEIM Ducks vs 2 for CALGARY Flames.
Shots for this period are 7 for ANAHEIM Ducks vs 11 for CALGARY Flames.

3rd period


0:01 of 3rd period - Boone Jenner wins face-off versus Artturi Lehkonen in neutral zone.
0:01 of 3rd period - Quinn Hughes is hit by Elias Lindholm and loses puck.
0:13 of 3rd period - Chandler Stephenson is hit by Charlie McAvoy.
0:31 of 3rd period - Icing by Charlie McAvoy.
0:32 of 3rd period - Nathan MacKinnon wins face-off versus Boone Jenner in CALGARY Flames zone.
0:43 of 3rd period - Shot by Alex Newhook.
0:43 of 3rd period - Stopped by Philipp Grubauer without a rebound.
0:44 of 3rd period - Jeff Carter wins face-off versus Charlie Coyle in ANAHEIM Ducks zone.
0:44 of 3rd period - Brett Pesce is hit by Cole Perfetti and loses puck.
1:00 of 3rd period - Joel Farabee is hit by Darnell Nurse.
1:21 of 3rd period - Darnell Nurse is hit by Brett Pesce and loses puck.
1:37 of 3rd period - Minor Penalty to Jeff Carter for Interference.
1:38 of 3rd period - Boone Jenner wins face-off versus Elias Lindholm in ANAHEIM Ducks zone.
1:39 of 3rd period - Shot by Quinn Hughes.
1:39 of 3rd period - Stopped by Philipp Grubauer without a rebound.
1:40 of 3rd period - Boone Jenner wins face-off versus Elias Lindholm in ANAHEIM Ducks zone.
1:49 of 3rd period - Shot by Charlie McAvoy.
1:49 of 3rd period - Shot Misses the Net.
1:51 of 3rd period - Shot by Charlie McAvoy.
1:51 of 3rd period - Shot Misses the Net.
1:53 of 3rd period - Shot by Charlie McAvoy.
1:53 of 3rd period - Stopped by Philipp Grubauer with a rebound.
1:57 of 3rd period - Shot by Quinn Hughes.
1:57 of 3rd period - Stopped by Philipp Grubauer without a rebound.
1:58 of 3rd period - Michael Rasmussen wins face-off versus Elias Lindholm in ANAHEIM Ducks zone.
2:05 of 3rd period - Shot by Charlie McAvoy.
2:05 of 3rd period - Shot Misses the Net.
2:23 of 3rd period - Shot by Daniel Sprong.
2:23 of 3rd period - Stopped by Philipp Grubauer without a rebound.
2:24 of 3rd period - Boone Jenner wins face-off versus David Kampf in ANAHEIM Ducks zone.
2:52 of 3rd period - Minor Penalty to MacKenzie Weegar for Goalie Interference.
2:53 of 3rd period - Chandler Stephenson wins face-off versus Alex Newhook in ANAHEIM Ducks zone.
4:06 of 3rd period - Shot by Lawson Crouse.
4:06 of 3rd period - Shot Misses the Net.
4:08 of 3rd period - Shot by Darnell Nurse.
4:08 of 3rd period - Shot Hit the Post.
4:20 of 3rd period - Shot by Charlie Coyle.
4:20 of 3rd period - Shot Misses the Net.
4:22 of 3rd period - Shot by Jamie Oleksiak.
4:22 of 3rd period - Stopped by Philipp Grubauer without a rebound.
4:23 of 3rd period - Michael Rasmussen wins face-off versus David Kampf in ANAHEIM Ducks zone.
4:24 of 3rd period - Shot by Quinn Hughes.
4:24 of 3rd period - Stopped by Philipp Grubauer without a rebound.
4:25 of 3rd period - Daniel Sprong wins face-off versus Elias Lindholm in ANAHEIM Ducks zone.
4:35 of 3rd period - Off-side.
4:36 of 3rd period - Elias Lindholm wins face-off versus Boone Jenner in neutral zone.
4:38 of 3rd period - Brett Pesce is hit by Charlie Coyle and loses puck.
4:51 of 3rd period - Shot by Quinn Hughes.
4:51 of 3rd period - Stopped by Philipp Grubauer without a rebound.
4:52 of 3rd period - Brayden Point wins face-off versus Michael Rasmussen in ANAHEIM Ducks zone.
4:52 of 3rd period - Nathan MacKinnon is hit by Keegan Kolesar and loses puck.
5:05 of 3rd period - Shot by Nathan MacKinnon.
5:05 of 3rd period - Shot Misses the Net.
5:08 of 3rd period - Minor Penalty to Darnell Nurse for Tripping.
5:09 of 3rd period - Charlie Coyle wins face-off versus Elias Lindholm in CALGARY Flames zone.
5:18 of 3rd period - Shot by Elias Lindholm.
5:18 of 3rd period - Stopped by Stuart Skinner without a rebound.
5:19 of 3rd period - Brayden Point wins face-off versus Michael Rasmussen in CALGARY Flames zone.
5:48 of 3rd period - Shot by Brayden Point.
5:48 of 3rd period - Goal by Brayden Point - ANAHEIM Ducks : 2 - CALGARY Flames : 2.
5:49 of 3rd period - Elias Lindholm wins face-off versus Michael Rasmussen in neutral zone.
5:52 of 3rd period - Michael Rasmussen is hit by Artturi Lehkonen and loses puck.
6:01 of 3rd period - Shot by Michael Rasmussen.
6:01 of 3rd period - Stopped by Philipp Grubauer without a rebound.
6:02 of 3rd period - Jeff Carter wins face-off versus Boone Jenner in ANAHEIM Ducks zone.
6:13 of 3rd period - Shot by Nick Paul.
6:13 of 3rd period - Stopped by Stuart Skinner without a rebound.
6:14 of 3rd period - Charlie Coyle wins face-off versus Elias Lindholm in CALGARY Flames zone.
6:23 of 3rd period - Darnell Nurse is hit by Brett Pesce and loses puck.
6:32 of 3rd period - Cole Perfetti is hit by Artturi Lehkonen and loses puck.
6:40 of 3rd period - Icing by Darnell Nurse.
6:41 of 3rd period - Charlie Coyle wins face-off versus Brayden Point in CALGARY Flames zone.
6:56 of 3rd period - Jamie Oleksiak is hit by Brayden Point and loses puck.
7:21 of 3rd period - Shot by Viktor Arvidsson.
7:21 of 3rd period - Shot Blocked by Quinn Hughes.
7:23 of 3rd period - Shot by Mark Giordano.
7:23 of 3rd period - Stopped by Stuart Skinner with a rebound.
7:25 of 3rd period - Shot by Mark Giordano.
7:25 of 3rd period - Shot Misses the Net.
8:01 of 3rd period - Shot by Brett Pesce.
8:01 of 3rd period - Stopped by Stuart Skinner without a rebound.
8:02 of 3rd period - Jeff Carter wins face-off versus Michael Rasmussen in CALGARY Flames zone.
8:17 of 3rd period - Shot by Philipp Kurashev.
8:17 of 3rd period - Stopped by Philipp Grubauer with a rebound.
8:19 of 3rd period - Shot by Keegan Kolesar.
8:19 of 3rd period - Stopped by Philipp Grubauer without a rebound.
8:20 of 3rd period - David Kampf wins face-off versus Ty Dellandrea in ANAHEIM Ducks zone.
8:37 of 3rd period - Shot by David Kampf.
8:37 of 3rd period - Stopped by Stuart Skinner without a rebound.
8:38 of 3rd period - Elias Lindholm wins face-off versus Michael Rasmussen in CALGARY Flames zone.
8:45 of 3rd period - Shot by Elias Lindholm.
8:45 of 3rd period - Stopped by Stuart Skinner without a rebound.
8:46 of 3rd period - Elias Lindholm wins face-off versus Boone Jenner in CALGARY Flames zone.
9:06 of 3rd period - Icing by Mark Giordano.
9:07 of 3rd period - Elias Lindholm wins face-off versus Charlie Coyle in ANAHEIM Ducks zone.
9:12 of 3rd period - Minor Penalty to Johnathan Kovacevic for Slashing.
9:12 of 3rd period - Minor Penalty to Elias Lindholm for Cross-checking.
9:13 of 3rd period - Boone Jenner wins face-off versus Viktor Arvidsson in CALGARY Flames zone.
9:36 of 3rd period - Shot by Boone Jenner.
9:36 of 3rd period - Stopped by Philipp Grubauer with a rebound.
9:38 of 3rd period - Shot by Quinn Hughes.
9:38 of 3rd period - Stopped by Philipp Grubauer without a rebound.
9:39 of 3rd period - Viktor Arvidsson wins face-off versus Charlie Coyle in ANAHEIM Ducks zone.
10:00 of 3rd period - Icing by Mark Giordano.
10:01 of 3rd period - Nathan MacKinnon wins face-off versus Boone Jenner in ANAHEIM Ducks zone.
10:27 of 3rd period - Icing by MacKenzie Weegar.
10:28 of 3rd period - Nathan MacKinnon wins face-off versus Charlie Coyle in ANAHEIM Ducks zone.
11:13 of 3rd period - Shot by Justin Holl.
11:13 of 3rd period - Stopped by Stuart Skinner without a rebound.
11:14 of 3rd period - Boone Jenner wins face-off versus David Kampf in CALGARY Flames zone.
11:14 of 3rd period - Quinn Hughes is hit by Warren Foegele and loses puck.
11:18 of 3rd period - Minor Penalty to Derick Brassard for Holding.
11:19 of 3rd period - Boone Jenner wins face-off versus Elias Lindholm in ANAHEIM Ducks zone.
11:19 of 3rd period - Boone Jenner is hit by MacKenzie Weegar.
12:41 of 3rd period - Shot by Alex Newhook.
12:41 of 3rd period - Stopped by Philipp Grubauer without a rebound.
12:42 of 3rd period - David Kampf wins face-off versus Boone Jenner in ANAHEIM Ducks zone.
12:53 of 3rd period - Shot by Charlie McAvoy.
12:53 of 3rd period - Shot Blocked by Brett Pesce.
12:55 of 3rd period - Shot by Lawson Crouse.
12:55 of 3rd period - Shot Misses the Net.
12:57 of 3rd period - Shot by Charlie McAvoy.
12:57 of 3rd period - Shot Misses the Net.
12:59 of 3rd period - Shot by Quinn Hughes.
12:59 of 3rd period - Stopped by Philipp Grubauer without a rebound.
13:00 of 3rd period - Alex Newhook wins face-off versus Elias Lindholm in ANAHEIM Ducks zone.
13:09 of 3rd period - Shot by Darnell Nurse.
13:09 of 3rd period - Stopped by Philipp Grubauer without a rebound.
13:10 of 3rd period - Michael Rasmussen wins face-off versus Elias Lindholm in ANAHEIM Ducks zone.
14:53 of 3rd period - Icing by Quinn Hughes.
14:54 of 3rd period - Elias Lindholm wins face-off versus Boone Jenner in CALGARY Flames zone.
15:04 of 3rd period - Artturi Lehkonen is hit by Charlie McAvoy.
15:09 of 3rd period - Quinn Hughes is hit by Justin Holl and loses puck.
15:57 of 3rd period - Nathan MacKinnon is hit by Cole Perfetti and loses puck.
16:04 of 3rd period - Shot by Daniel Sprong.
16:04 of 3rd period - Stopped by Philipp Grubauer without a rebound.
16:05 of 3rd period - David Kampf wins face-off versus Michael Rasmussen in ANAHEIM Ducks zone.
16:05 of 3rd period - David Kampf is hit by Keegan Kolesar.
16:11 of 3rd period - Shot by Keegan Kolesar.
16:11 of 3rd period - Stopped by Philipp Grubauer without a rebound.
16:12 of 3rd period - Charlie Coyle wins face-off versus Brayden Point in ANAHEIM Ducks zone.
16:30 of 3rd period - Minor Penalty to Cole Perfetti for Tripping.
16:31 of 3rd period - Michael Rasmussen wins face-off versus Chandler Stephenson in CALGARY Flames zone.
17:00 of 3rd period - Shot by Brett Pesce.
17:00 of 3rd period - Stopped by Stuart Skinner without a rebound.
17:01 of 3rd period - Brayden Point wins face-off versus Charlie Coyle in CALGARY Flames zone.
17:27 of 3rd period - Shot by Darnell Nurse.
17:27 of 3rd period - Stopped by Philipp Grubauer with a rebound.
17:29 of 3rd period - Shot by Charlie McAvoy.
17:29 of 3rd period - Goal by Charlie McAvoy - ANAHEIM Ducks : 2 - CALGARY Flames : 3.
17:30 of 3rd period - Charlie Coyle wins face-off versus Elias Lindholm in neutral zone.
18:16 of 3rd period - Icing by Elias Lindholm.
18:17 of 3rd period - Michael Rasmussen wins face-off versus Elias Lindholm in ANAHEIM Ducks zone.
18:40 of 3rd period - ANAHEIM Ducks, Philipp Grubauer is pulled from the net.
18:56 of 3rd period - Shot by Brayden Point.
18:56 of 3rd period - Stopped by Stuart Skinner without a rebound.
18:57 of 3rd period - Philipp Kurashev wins face-off versus Jeff Carter in CALGARY Flames zone.
19:30 of 3rd period - Shot by Jeff Carter.
19:30 of 3rd period - Stopped by Stuart Skinner without a rebound.
19:31 of 3rd period - Elias Lindholm wins face-off versus Charlie Coyle in CALGARY Flames zone.
19:34 of 3rd period - Shot by Nathan MacKinnon.
19:34 of 3rd period - Shot Misses the Net.
19:36 of 3rd period - Shot by Mark Giordano.
19:36 of 3rd period - Shot Blocked by Darnell Nurse.
19:38 of 3rd period - Shot by Mark Giordano.
19:38 of 3rd period - Shot Misses the Net.
19:40 of 3rd period - Shot by MacKenzie Weegar.
19:40 of 3rd period - Shot Blocked by Charlie McAvoy.
19:42 of 3rd period - Shot by Elias Lindholm.
19:42 of 3rd period - Stopped by Stuart Skinner without a rebound.
19:43 of 3rd period - Elias Lindholm wins face-off versus Michael Rasmussen in CALGARY Flames zone.
19:43 of 3rd period - MacKenzie Weegar is hit by Darnell Nurse.
19:51 of 3rd period - Shot by Charlie Coyle.
19:51 of 3rd period - Shot Blocked by MacKenzie Weegar.
19:53 of 3rd period - Shot by Darnell Nurse.
19:53 of 3rd period - Goal by Darnell Nurse - ANAHEIM Ducks : 2 - CALGARY Flames : 4.
19:53 of 3rd period - Philipp Grubauer from ANAHEIM Ducks was sent back in the game.
19:54 of 3rd period - Elias Lindholm wins face-off versus Ty Dellandrea in neutral zone.
Goals for this period are 1 for ANAHEIM Ducks vs 2 for CALGARY Flames.
Shots for this period are 12 for ANAHEIM Ducks vs 21 for CALGARY Flames. Output by the SimonT Hockey Simulator (STHS) for Martin Benoit - Original Page W3C HTML5 Valid
Hockey Simulator - Hockey Simulation - Hockey Manager